Map: Ruby Rock LE

Players

抖音月野鹿

  • Race: Zerg Zerg
  • League: Master

电脑难度(新手) - Winner!

  • Race: Zerg Zerg

VOD

Have the link to the VOD?

Description

Time

  • Played on: March 7, 2026, 3:23 a.m.
  • Length: 7:38
Show
View Real Time Build Order
Export as new Build Order

抖音月野鹿 Zerg 

Build Orders: Hatch First 

Get SALT Encoding   

  12  0:00  Drone  
  13  0:12  Drone  
  14  0:14  Extractor  
  14  0:15  Drone  
  15  0:21  Overlord  
  15  0:40  Drone  
  16  0:47  Hatchery  
  16  0:50  Drone  
  16  0:53  Drone  
  17  0:57  Drone  
  18  1:08  Extractor  
  17  1:12  Spawning Pool  
  17  1:15  Drone  
  17  1:21  Drone  
  18  1:30  Drone  
  19  1:40  Drone  
  20  1:53  Drone  
  21  1:59  Queen x2  
  21  2:00  Zergling x2  
  26  2:02  Overlord  
  26  2:13  Metabolic Boost  
  26  2:15  Drone x2  
  28  2:20  Drone x2  
  30  2:34  Hatchery  
  30  2:36  Drone  
  30  2:39  Zergling x2  
  31  2:45  Queen  
  33  2:52  Overlord  
  33  2:54  Drone x2  
  33  2:56  Drone  
  36  3:03  Overlord  
  36  3:11  Drone x3  
  39  3:13  Drone x2  
  39  3:14  Drone  
  39  3:18  Drone  
  43  3:22  Queen  
  45  3:27  Spore Crawler, Drone  
  45  3:32  Spore Crawler, Drone x2  
  46  3:38  Drone  
  46  3:39  Drone  
  48  3:43  Queen  
  48  3:46  Drone x2  
  52  3:49  Drone x2  
  52  3:50  Drone  
  55  3:56  Drone  
  55  3:57  Overlord  
  55  3:58  Drone  
  55  4:00  Drone  
  58  4:13  Overlord  
  58  4:14  Overlord  
  58  4:16  Drone x2  
  60  4:19  Drone x5  
  65  4:26  Zergling x2  
  66  4:32  Zergling x4  
  66  4:33  Drone x6  
  66  4:35  Drone  
  66  4:37  Spore Crawler  
  74  4:39  Lair, Drone  
  74  4:42  Roach Warren  
  74  4:44  Extractor, Drone  
  74  4:45  Drone  
  74  4:47  Drone  
  74  4:52  Drone x3  
  79  4:54  Drone  
  79  4:56  Extractor x2  
  79  4:57  Drone  
  79  4:58  Evolution Chamber  
  78  5:00  Drone x4  
  78  5:06  Overlord  
  82  5:10  Overlord  
  82  5:14  Hatchery  
  82  5:16  Overlord, Extractor  
  82  5:18  Extractor  
  82  5:20  Overlord x2  
  82  5:21  Overlord  
  79  5:26  Zerg Missile Weapons Level 1  
  79  5:27  Drone x2  
  81  5:29  Queen  
  85  5:35  Roach  
  85  5:36  Roach x5  
  85  5:39  Overlord  
  95  5:46  Roach x5  
  95  5:47  Glial Reconstitution  
  105  5:57  Overlord  
  105  6:00  Roach x6  
  117  6:08  Roach x5  
  127  6:13  Overlord  
  127  6:21  Roach x4  
  135  6:28  Roach x7  
  135  6:30  Overlord  
  148  6:34  Overlord  
  148  6:41  Overlord  
  148  6:42  Pneumatized Carapace  
  148  6:47  Overlord  
  148  6:49  Queen  
  148  6:51  Overlord  
  150  6:54  Overlord  
  150  6:56  Roach x5  
  150  7:00  Roach x3  
  166  7:06  Ravager x3  
  166  7:07  Ravager x2  
  166  7:08  Overlord  
  171  7:11  Roach x3  
  171  7:12  Roach  
  179  7:17  Roach x3  
Show
View Real Time Build Order
Export as new Build Order

电脑难度(新手) Zerg - Winner!

Build Orders: Pool First 

Get SALT Encoding   

  12  0:00  Drone  
  13  0:12  Overlord  
  13  0:16  Drone  
  14  0:34  Spawning Pool  
  13  0:37  Drone  
  13  0:41  Extractor  
  13  0:44  Drone  
  14  0:51  Overlord  
  14  1:21  Zergling x2  
  14  1:24  Queen  
  17  1:31  Roach Warren  
  16  1:34  Drone  
  16  1:39  Extractor  
  16  1:42  Zergling x2  
  16  1:43  Drone  
  18  1:56  Drone  
  19  2:02  Zergling x2  
  19  2:06  Drone  
  21  2:17  Drone  
  22  2:28  Drone  
  23  2:31  Overlord  
  23  2:35  Drone  
  24  2:42  Drone  
  25  4:08  Zergling x2  
  25  6:04  Drone  
  25  6:05  Roach, Lair  
  28  6:11  Drone  
  28  6:18  Drone  
  29  6:26  Drone  
  29  6:27  Overlord  
  28  6:33  Drone  
  29  6:47  Ravager  
  29  6:48  Zergling x2  
  31  7:02  Overseer  
  31  7:03  Overseer  
  31  7:15  Hatchery  
  30  7:21  Zergling x2  
Tags
 
Add a new tag
Caveats
  • Supply blocks, unpowered buildings, or Contaminate may cause inaccurate times.
  • Supply counts are checked every 10 seconds.